Map: Disco Bloodbath LE

Players

LiquidTLO (TLO)

  • Race: Zerg Zerg
  • League: Master
  • Spawn Location: 9:00

LiquidTaeJa (TaeJa) - Winner!

  • Race: Terran Terran
  • League: Master
  • Spawn Location: 3:00

Event: HomeStory Cup XX

VOD

Have the link to the VOD?

Description

Time

  • Played on: Nov. 21, 2019, 5:17 a.m.
  • Length: 19:34

All games in this series

Show
View Real Time Build Order
Export as new Build Order

LiquidTLO Zerg 

Build Orders: Hatch First, Lurkers 

Get SALT Encoding   

  12  0:00  Drone  
  13  0:12  Overlord  
  13  0:17  Drone  
  14  0:30  Drone x2  
  16  0:47  Hatchery  
  15  0:52  Drone  
  15  0:55  Drone  
  17  0:57  Drone  
  17  1:04  Extractor  
  17  1:14  Spawning Pool  
  17  1:15  Drone  
  17  1:20  Drone  
  18  1:28  Drone  
  19  1:39  Drone  
  20  1:49  Drone  
  21  1:59  Overlord  
  21  2:01  Queen x2  
  21  2:04  Metabolic Boost  
  21  2:08  Zergling x2  
  26  2:10  Zergling x2  
  26  2:12  Drone  
  28  2:20  Drone  
  28  2:21  Drone  
  30  2:34  Overlord  
  30  2:35  Drone  
  30  2:36  Queen  
  31  2:39  Queen  
  35  2:44  Overlord  
  35  2:45  Drone  
  36  2:53  Drone  
  36  2:54  Drone  
  38  3:06  Drone x2  
  38  3:08  Drone  
  38  3:09  Drone  
  38  3:10  Drone  
  38  3:11  Drone x3  
  46  3:18  Drone  
  46  3:22  Overlord  
  46  3:28  Hatchery  
  46  3:31  Pneumatized Carapace  
  45  3:38  Overlord  
  45  3:39  Drone  
  46  3:43  Queen  
  46  3:45  Drone  
  46  3:48  Baneling Nest  
  48  3:50  Extractor, Drone x2  
  48  3:55  Drone x2  
  50  3:58  Drone  
  50  4:01  Drone, Overlord  
  50  4:02  Drone  
  54  4:04  Drone  
  54  4:07  Overlord  
  55  4:11  Zergling x2  
  56  4:18  Drone  
  56  4:22  Drone  
  58  4:24  Drone  
  58  4:27  Overlord  
  58  4:29  Zergling x8  
  58  4:30  Drone  
  64  4:33  Spore Crawler, Queen  
  64  4:38  Drone  
  66  4:45  Drone, Overlord  
  67  4:49  Spore Crawler x2, Drone  
  67  4:51  Drone  
  67  4:52  Drone  
  68  4:53  Lair  
  68  4:58  Spore Crawler  
  67  5:01  Queen  
  67  5:02  Drone  
  67  5:06  Drone  
  70  5:09  Drone  
  70  5:10  Drone  
  70  5:12  Drone  
  70  5:13  Drone  
  70  5:14  Drone x2  
  75  5:16  Drone, Baneling x2  
  75  5:19  Drone  
  75  5:20  Drone x2  
  80  5:22  Drone  
  80  5:27  Extractor  
  80  5:29  Evolution Chamber x2  
  80  5:31  Extractor, Drone  
  80  5:33  Drone  
  80  5:34  Drone  
  80  5:35  Drone  
  81  5:36  Drone  
  81  5:37  Drone x2  
  81  5:39  Queen  
  81  5:41  Drone  
  87  5:44  Drone  
  87  5:45  Drone  
  87  5:46  Overlord  
  87  5:47  Overlord  
  87  5:48  Drone  
  90  5:50  Drone x2  
  90  5:51  Drone  
  93  5:57  Overseer  
  93  5:58  Centrifical Hooks  
  93  5:59  Baneling  
  93  6:00  Baneling x3, Hydralisk Den  
  93  6:03  Extractor  
  91  6:04  Zerg Melee Weapons Level 1  
  91  6:05  Extractor x2  
  91  6:06  Overlord  
  91  6:07  Zergling x2  
  91  6:08  Zergling x2, Drone  
  91  6:10  Zergling x2  
  93  6:13  Zergling x4  
  93  6:14  Zergling x2  
  93  6:16  Zergling x2  
  90  6:20  Zergling x4, Drone  
  90  6:21  Drone  
  90  6:22  Zergling x2  
  94  6:25  Zerg Ground Armor Level 1  
  94  6:29  Drone  
  94  6:31  Drone x2  
  97  6:37  Overlord  
  97  6:39  Muscular Augments  
  94  6:45  Hydralisk x2  
  93  6:47  Drone  
  91  6:54  Hydralisk  
  91  6:55  Hydralisk x2  
  91  6:57  Drone  
  91  7:00  Drone  
  99  7:04  Drone  
  99  7:05  Hatchery  
  99  7:08  Drone  
  100  7:09  Lurker Den, Drone  
  100  7:10  Drone x2  
  100  7:11  Drone  
  100  7:12  Drone  
  101  7:16  Drone  
  101  7:20  Infestation Pit  
  101  7:23  Drone x2  
  101  7:26  Hydralisk  
  105  7:33  Hydralisk x3  
  105  7:34  Hydralisk  
  113  7:38  Zergling x2  
  113  7:39  Zergling x8  
  118  7:44  Drone  
  118  7:45  Drone  
  118  7:48  Drone  
  118  7:49  Extractor  
  118  7:50  Grooved Spines  
  109  7:54  Extractor  
  109  7:55  Drone  
  109  7:57  Hive  
  109  7:58  Zerg Missile Weapons Level 1, Drone  
  109  7:59  Drone x3  
  109  8:02  Hydralisk x2  
  109  8:03  Drone  
  118  8:07  Lurker  
  118  8:08  Lurker  
  118  8:10  Baneling  
  118  8:11  Zergling x4  
  118  8:12  Zergling x2  
  123  8:13  Zergling x2  
  123  8:15  Zergling x2  
  123  8:16  Zergling x4  
  123  8:18  Zergling x2  
  128  8:23  Hydralisk x3  
  128  8:24  Zergling x2  
  128  8:25  Zergling x2  
  128  8:26  Zergling x2  
  131  8:28  Hydralisk  
  131  8:30  Zergling x4  
  131  8:31  Zergling x2  
  135  8:50  Zergling x2  
  135  8:52  Baneling x13  
  136  8:57  Drone  
  136  8:58  Drone x2  
  136  8:59  Overlord x2  
  136  9:00  Seismic Spines, Overlord  
  135  9:04  Zerg Melee Weapons Level 2  
  135  9:05  Overlord x3  
  135  9:06  Overlord  
  135  9:09  Overlord x3  
  131  9:12  Spore Crawler  
  130  9:19  Viper x2  
  130  9:22  Hydralisk  
  138  9:24  Zergling x2  
  138  9:26  Hydralisk  
  138  9:27  Drone  
  138  9:29  Hydralisk  
  138  9:30  Zergling x2  
  145  9:33  Hydralisk  
  147  9:41  Zergling x2, Hydralisk  
  147  9:43  Zergling x2  
  147  9:44  Zergling x2  
  152  9:46  Hydralisk x2  
  152  9:49  Hydralisk  
  152  9:51  Hydralisk  
  160  9:53  Lurker  
  160  9:55  Zergling x2  
  160  9:58  Hydralisk x2  
  167  10:00  Zergling x2  
  167  10:05  Zergling x2  
  167  10:06  Zergling x4  
  167  10:07  Zergling x4  
  159  10:11  Lurker x2  
  159  10:13  Hydralisk  
  157  10:15  Adaptive Talons  
  157  10:18  Hydralisk x2  
  159  10:22  Hydralisk  
  159  10:27  Hydralisk  
  159  10:28  Hydralisk  
  159  10:31  Hydralisk  
  159  10:34  Hydralisk x2  
  161  10:36  Zergling x2  
  161  10:38  Hydralisk  
  161  10:42  Hydralisk  
  164  10:43  Zergling x2  
  164  10:44  Zergling x4  
  167  10:50  Hydralisk  
  167  10:52  Hydralisk x2  
  167  10:54  Hydralisk  
  171  10:57  Zergling x2  
  171  10:58  Zergling x2  
  171  11:00  Lurker, Zergling x2  
  175  11:05  Zergling x2  
  175  11:06  Zergling x2  
  175  11:07  Zergling x2  
  175  11:11  Zerg Missile Weapons Level 2  
  178  11:12  Zergling x2  
  178  11:15  Zergling x2  
  178  11:18  Extractor, Zergling x2  
  178  11:20  Zergling x2  
  178  11:21  Zergling x2  
  161  11:26  Zergling x2  
  161  11:30  Zergling x4  
  161  11:32  Zergling x4  
  141  11:34  Zergling x2  
  141  11:35  Zergling x2  
  141  11:36  Zergling x2  
  141  11:37  Zergling x2  
  141  11:38  Drone, Hydralisk x2  
  141  11:39  Zergling x2  
  140  11:40  Zergling x2  
  140  11:41  Drone  
  140  11:44  Hydralisk x2  
  140  11:46  Hydralisk  
  125  11:48  Zergling x4  
  125  11:49  Hydralisk  
  125  11:51  Zergling x2  
  121  11:58  Hydralisk  
  121  11:59  Extractor  
  119  12:03  Lurker x2  
  119  12:04  Hydralisk  
  123  12:09  Zerg Ground Armor Level 2  
  123  12:10  Hatchery  
  123  12:13  Hydralisk  
  124  12:16  Viper x2  
  130  12:24  Hydralisk x2  
  130  12:26  Hydralisk  
  130  12:29  Hydralisk x3  
  138  12:30  Zergling x2  
  138  12:32  Hydralisk  
  138  12:33  Hydralisk  
  138  12:34  Hydralisk  
  142  12:47  Hydralisk x2  
  142  12:48  Hatchery  
  142  12:49  Hydralisk  
  146  12:53  Drone x2  
  146  12:54  Drone x3  
  146  12:55  Drone  
  146  12:57  Drone  
  139  12:59  Lurker  
  139  13:00  Drone  
  139  13:04  Hydralisk  
  140  13:07  Drone x2  
  140  13:08  Drone  
  140  13:10  Drone  
  144  13:13  Drone  
  144  13:16  Viper  
  144  13:18  Lurker  
  144  13:19  Lurker  
  150  13:24  Zergling x2  
  150  13:28  Zerg Missile Weapons Level 3  
  150  13:29  Drone  
  150  13:33  Hydralisk  
  153  13:35  Lurker  
  153  13:37  Spore Crawler  
  153  13:38  Drone  
  154  13:44  Overlord  
  154  13:49  Hydralisk x2  
  154  13:50  Viper  
  154  13:54  Baneling  
  154  13:55  Baneling x8  
  161  13:57  Zergling x2  
  161  13:59  Hydralisk  
  164  14:03  Hydralisk  
  163  14:10  Hydralisk x2  
  162  14:17  Hydralisk x2  
  162  14:19  Zergling x4  
  162  14:22  Hydralisk  
  152  14:28  Hydralisk x2  
  149  14:35  Lurker  
  149  14:36  Hydralisk x3  
  156  14:38  Hydralisk  
  156  14:39  Hydralisk  
  156  14:43  Hydralisk  
  156  14:45  Drone  
  163  14:47  Extractor  
  163  14:48  Extractor, Zergling x2  
  163  14:49  Zergling x2  
  163  14:50  Zergling x2  
  163  14:51  Hydralisk  
  162  14:56  Hydralisk  
  162  14:57  Hydralisk  
  166  15:01  Hydralisk  
  166  15:02  Hydralisk  
  166  15:04  Hydralisk  
  156  15:12  Hydralisk  
  156  15:13  Hydralisk x2  
  147  15:15  Hydralisk  
  147  15:17  Hydralisk  
  147  15:18  Zergling x2  
  147  15:19  Zergling x2  
  146  15:24  Hydralisk x2  
  146  15:26  Zergling x2  
  146  15:27  Zergling x2  
  144  15:33  Zergling x2  
  144  15:35  Zergling x2  
  134  15:36  Zergling x2  
  134  15:38  Zergling x2  
  126  15:46  Hydralisk  
  126  15:49  Hydralisk x3  
  134  15:54  Zergling x2  
  134  15:56  Hydralisk  
  127  16:03  Viper  
  130  16:05  Hatchery  
  130  16:07  Lurker x2  
  130  16:09  Drone  
  130  16:11  Spore Crawler  
  131  16:12  Queen, Spine Crawler  
  131  16:15  Queen  
  131  16:18  Zergling x2  
  135  16:19  Lurker  
  135  16:20  Zergling x2  
  135  16:22  Zergling x2  
  138  16:31  Hydralisk x2  
  138  16:32  Zergling x2  
  142  16:33  Zergling x4  
  142  16:35  Lurker  
  142  16:36  Lurker  
  146  16:42  Hydralisk  
  146  16:43  Hydralisk  
  146  16:45  Hydralisk  
  150  16:49  Hydralisk  
  150  16:52  Zergling x2  
  151  16:58  Overseer  
  151  16:59  Drone  
  152  17:05  Hydralisk  
  152  17:06  Hydralisk  
  152  17:08  Zergling x6  
  154  17:09  Zergling x2  
  154  17:10  Zergling x2  
  151  17:25  Hydralisk x2  
  151  17:26  Hydralisk  
  153  17:32  Hydralisk  
  153  17:33  Drone  
  153  17:34  Zergling x2  
  153  17:37  Baneling x3  
  157  17:39  Drone x2  
  157  17:40  Overseer x2, Drone  
  157  17:41  Hydralisk  
  157  17:42  Extractor  
  157  17:43  Zergling x4  
  163  17:44  Zergling x2  
  163  17:48  Hydralisk  
  166  17:52  Lurker x2  
  166  17:55  Hydralisk  
  169  17:59  Hydralisk  
  169  18:00  Hydralisk  
  169  18:03  Hydralisk  
  173  18:12  Baneling x6  
  173  18:14  Hydralisk  
  173  18:19  Hydralisk  
  172  18:22  Hydralisk  
  172  18:24  Hydralisk  
  175  18:27  Hydralisk  
  175  18:31  Zergling x2  
  175  18:32  Zergling x2  
  175  18:33  Zergling x2  
  159  18:41  Hydralisk x2  
  144  18:42  Hydralisk  
  144  18:44  Zergling x2  
  144  18:45  Zergling x2  
  144  18:47  Zergling x2  
  130  18:51  Extractor  
  129  18:56  Lurker x2, Hydralisk  
  118  19:20  Drone x2  
Show
View Real Time Build Order
Export as new Build Order

LiquidTaeJa Terran - Winner!

Build Orders: Reaper Expand, Mech 

Get SALT Encoding   

  12  0:00  SCV  
  13  0:12  SCV  
  14  0:17  Supply Depot  
  14  0:24  SCV  
  15  0:38  SCV  
  15  0:39  Barracks  
  16  0:42  Refinery  
  16  0:50  SCV  
  17  1:02  SCV  
  18  1:14  SCV  
  19  1:27  Orbital Command, Reaper  
  20  1:39  Command Center  
  20  1:48  Supply Depot  
  20  1:52  SCV  
  21  1:58  Marine  
  22  2:04  SCV  
  22  2:07  Factory  
  23  2:13  Refinery  
  23  2:17  SCV  
  23  2:20  Barracks Reactor  
  24  2:29  SCV  
  25  2:41  SCV  
  26  2:51  Orbital Command  
  26  2:53  Starport, SCV  
  27  3:01  Hellion x2  
  27  3:03  Marine  
  27  3:05  SCV  
  33  3:17  SCV  
  33  3:18  SCV  
  35  3:22  Hellion x2  
  38  3:29  SCV  
  38  3:30  SCV  
  38  3:31  Starport Tech Lab  
  38  3:32  Fusion Core  
  40  3:40  Supply Depot  
  40  3:41  SCV  
  40  3:42  SCV  
  42  3:54  Command Center  
  42  3:55  SCV x2  
  44  4:03  Supply Depot  
  44  4:07  SCV x2  
  46  4:19  Battlecruiser  
  46  4:20  SCV  
  46  4:21  SCV  
  54  4:25  Refinery  
  54  4:27  Refinery, Supply Depot  
  54  4:33  SCV x2  
  54  4:36  Hellion x2  
  54  4:38  Supply Depot  
  60  4:44  Weapon Refit  
  60  4:47  SCV x2  
  62  4:57  Hellion x2  
  62  4:59  SCV x2  
  68  5:06  Orbital Command  
  68  5:14  SCV x2  
  70  5:15  Factory  
  70  5:17  Factory  
  70  5:20  Hellion x2  
  75  5:28  SCV x2  
  75  5:33  Orbital Command, Armory x2  
  76  5:41  SCV x2  
  78  5:47  Supply Depot  
  78  5:48  Supply Depot  
  78  5:54  SCV x2  
  80  5:58  Battlecruiser  
  80  6:01  Factory Tech Lab x2  
  80  6:03  SCV  
  87  6:06  SCV x2  
  93  6:11  Hellion x2  
  93  6:15  Refinery  
  93  6:17  Refinery  
  93  6:19  Supply Depot  
  93  6:21  SCV x2  
  93  6:22  SCV  
  93  6:25  Siege Tank x2  
  102  6:33  Hellion x2, SCV x2  
  102  6:34  SCV  
  102  6:35  Supply Depot  
  102  6:36  Supply Depot  
  109  6:45  SCV x2  
  109  6:46  SCV  
  96  6:49  Terran Vehicle Weapons Level 1  
  96  6:51  Factory x2  
  92  6:55  Hellion x2  
  92  6:58  SCV x3  
  99  7:04  Command Center  
  99  7:10  SCV  
  99  7:11  Siege Tank x2  
  99  7:13  SCV x2  
  108  7:19  Infernal Pre-Igniter  
  108  7:20  Hellion x2  
  112  7:23  Terran Vehicle And Ship Armor Level 1  
  112  7:25  Supply Depot  
  112  7:26  Supply Depot  
  112  7:29  SCV x2  
  114  7:33  Supply Depot, Engineering Bay  
  114  7:35  Factory Reactor  
  114  7:36  Factory Tech Lab  
  114  7:41  Hellion x2  
  114  7:43  Siege Tank  
  113  7:52  Siege Tank  
  113  7:57  Battlecruiser  
  122  8:00  SCV x3  
  122  8:02  Command Center  
  122  8:05  Hellion x2  
  129  8:10  Siege Tank  
  129  8:12  Hellion x2  
  136  8:13  SCV x3  
  139  8:25  Refinery, SCV  
  138  8:27  Refinery  
  138  8:29  Hellion x2, Siege Tank x2  
  138  8:31  SCV x2  
  148  8:37  SCV  
  148  8:49  Hellion x2, Siege Tank  
  148  8:51  Planetary Fortress  
  148  8:53  SCV x2  
  157  8:58  Terran Vehicle Weapons Level 2  
  157  9:01  Hellion x2  
  153  9:08  Siege Tank  
  156  9:12  Sensor Tower, Command Center, SCV x2  
  156  9:15  Hellion x2  
  162  9:20  Sensor Tower, Terran Vehicle And Ship Armor Level 2  
  162  9:23  Orbital Command  
  162  9:26  Hellion x2  
  162  9:29  Thor  
  172  9:37  Hellbat  
  182  9:38  Hellbat  
  182  9:45  Siege Tank  
  185  9:55  Hellbat  
  187  10:03  Factory  
  187  10:05  Factory  
  187  10:06  Hellbat  
  185  10:10  Hellion  
  185  10:11  Hellbat x2  
  185  10:12  Thor  
  180  10:14  Battlecruiser  
  180  10:16  Hellbat  
  180  10:24  Siege Tank  
  180  10:26  Command Center  
  183  10:30  Command Center x2  
  177  10:36  Hellbat x2  
  177  10:37  Hellbat  
  177  10:41  Hellbat  
  177  10:42  Siege Tank  
  179  10:57  Factory Tech Lab, Factory Reactor  
  179  10:59  Barracks Tech Lab  
  179  11:03  Hellbat  
  179  11:04  Hellbat x2, Thor  
  185  11:05  Factory  
  185  11:06  Thor  
  185  11:08  Planetary Fortress  
  197  11:27  Starport Reactor  
  197  11:31  Hellion x3, Hellbat  
  162  11:37  Hellion x2  
  162  11:38  Thor  
  162  11:39  Terran Vehicle And Ship Armor Level 3, Terran Vehicle Weapons Level 3  
  160  11:40  Hellion x9  
  153  11:51  Hellbat  
  153  11:52  Hellbat, Siege Tank  
  143  11:56  Refinery, Orbital Command, Command Center  
  143  11:57  Refinery  
  143  11:58  Command Center  
  140  12:03  Orbital Command  
  140  12:08  Smart Servos  
  140  12:12  Hellion x3  
  140  12:13  Siege Tank  
  149  12:17  Refinery  
  149  12:28  Hellion x3  
  155  12:32  Siege Tank  
  155  12:34  Siege Tank x3  
  155  12:35  Refinery, Hellion  
  169  12:39  Sensor Tower  
  169  12:42  Hellion x2  
  171  12:55  Hellbat, Hellion  
  171  12:56  Planetary Fortress, Siege Tank  
  166  13:04  Siege Tank  
  166  13:05  Hellion x3  
  173  13:10  Hellion  
  173  13:14  Orbital Command x2  
  173  13:23  Barracks  
  173  13:24  Barracks  
  173  13:26  Barracks  
  173  13:29  Hellion  
  173  13:32  Hellion x3  
  173  13:33  Hellion x2  
  183  13:34  Hellion, Thor  
  191  13:53  Thor  
  191  13:54  Siege Tank  
  198  14:10  Advanced Ballistics  
  198  14:15  Hellbat  
  198  14:17  Terran Ship Weapons Level 1  
  200  14:23  Thor x2  
  184  14:24  Hellion  
  184  14:25  Hellion x3, Orbital Command  
  169  14:32  Barracks Tech Lab x3  
  169  14:34  Terran Infantry Weapons Level 1  
  169  14:36  Engineering Bay  
  169  14:43  Hellion, Thor  
  177  14:51  Hellion  
  177  14:52  Hellion x2  
  179  14:54  Hellion, Thor  
  168  15:07  Thor x2  
  168  15:09  Hellion x2  
  168  15:10  Hellion  
  168  15:13  Hellion  
  173  15:15  Hellion  
  173  15:17  Hellion x2  
  176  15:26  Command Center x2, Thor  
  179  15:30  Thor  
  179  15:31  Hellion  
  179  15:34  Command Center  
  187  15:37  Hellion x2  
  174  15:45  Hellion x3  
  174  15:46  Combat Shield  
  174  15:47  Marine x2  
  167  15:51  Marine  
  158  15:59  Stimpack  
  158  16:01  Terran Infantry Armor Level 1  
  158  16:05  Marine x2  
  158  16:08  Hellion x2  
  158  16:09  Marine  
  165  16:12  Hellion  
  167  16:25  Marine x2, Barracks  
  167  16:27  Marine, Barracks  
  167  16:28  Hellion x2  
  167  16:29  Hellion  
  167  16:32  Barracks, Thor  
  182  16:33  Barracks  
  182  16:35  Terran Infantry Weapons Level 2  
  182  16:38  Hellion x3  
  188  16:40  Orbital Command x2  
  188  16:44  Marine x2  
  190  16:49  Marine  
  190  16:50  Medivac x2  
  190  16:52  Starport x2  
  193  17:02  Marine  
  193  17:05  Marine  
  193  17:07  Marine  
  186  17:17  Barracks Reactor x2  
  186  17:19  Barracks Reactor  
  186  17:20  Marine, Barracks, Barracks Reactor  
  179  17:24  Barracks  
  179  17:28  Marine x2, Hellion x2  
  176  17:34  Medivac x2  
  176  17:35  Starport Reactor x2  
  180  17:37  Marine  
  180  17:38  Siege Tank  
  184  17:45  Marine  
  184  17:46  Marine  
  186  17:55  Marine  
  186  17:58  Siege Tank x3  
  178  18:02  Command Center x2  
  178  18:03  Marine x2  
  178  18:04  Medivac x2  
  178  18:05  Marine x8  
  190  18:10  Concussive Shells  
  190  18:12  Barracks Tech Lab  
  190  18:13  Barracks Tech Lab  
  190  18:14  Marauder  
  190  18:16  Ghost Academy  
  192  18:22  Marauder x2, Marine  
  192  18:23  Marine x3  
  192  18:24  Marine x3  
  187  18:29  Orbital Command  
  187  18:32  Marine  
  187  18:34  Marine x3  
  160  18:40  Marine x4, Medivac x2  
  154  18:41  Medivac x2  
  154  18:42  Marine x4  
  154  18:43  Marine  
  155  18:49  SCV x4  
  155  18:50  Marine, SCV x6  
  155  18:52  Marine x3, Siege Tank x2  
  175  18:58  Marine, Siege Tank x2  
  175  19:01  SCV x2  
Tags
 
Add a new tag
Caveats
  • Supply blocks, unpowered buildings, or Contaminate may cause inaccurate times.
  • Supply counts are checked every 10 seconds.